 Dungeon Crawl Stone Soup version 0.18-a0-1266-g3be6530 (webtiles) character file.

645 Psiweapon the Cutter (level 7, -3/66 HPs)
             Began as a Kobold Hunter on Feb 6, 2016.
             Killed from afar by Dowan (8 damage)
             ... with a shard of ice
             ... on level 4 of the Dungeon.
             The game lasted 00:12:34 (3601 turns).

Psiweapon the Cutter (Kobold Hunter)                Turns: 3601, Time: 00:12:34

Health: -3/66      AC: 23    Str: 15    XL:     7   Next: 82%
Magic:  0/7        EV:  3    Int:  9    God:
Gold:   115        SH:  0    Dex: 17    Spells: 0 memorised, 6 levels left

rFire  . . .     SeeInvis .     w - +0 long sword
rCold  . . .     Gourm    .     (armour currently unavailable)
rNeg   + + +     Faith    .     (shield restricted)
rPois  +         Spirit   +     (helmet currently unavailable)
rElec  .         Dismiss  .     (cloak currently unavailable)
rCorr  .         Reflect  .     (gloves currently unavailable)
SustAt .         Harm     .     (boots currently unavailable)
MR     .....     NoTele   +     p - amulet of guardian spirit
Stlth  ++++......               (no ring)
                                o - +3 ring of strength

@: tree-form, not resistant to hostile enchantments, stealthy
A: (horns 0), carnivore 3, clumsy 1, strong 1
a: no special abilities


You were on level 4 of the Dungeon.
You were completely stuffed.
You were a tree.
You visited 1 branch of the dungeon, and saw 5 of its levels.

You collected 115 gold pieces.

Inventory:

Hand Weapons
 a - a +1 hand crossbow
 b - a +0 short sword
 t - a +2 dagger of protection
 w - a +0 long sword (weapon)
Missiles
 d - 6 bolts
 n - 13 poisoned needles
Armour
 c - a +0 leather armour
 e - a +0 cloak (melded)
 m - a +0 ring mail
 r - a +0 helmet
 v - the +1 leather armour of Levity (melded) {rPois rF- Dex+9 SInv}
   (You found it on level 4 of the Dungeon)

   It affects your dexterity (+9).
   It makes you vulnerable to fire.
   It protects you from poison.
   It lets you see invisible.
Jewellery
 o - a +3 ring of strength (left branch)
 p - an amulet of guardian spirit (around neck)
Scrolls
 g - 2 scrolls of teleportation {unknown}
 h - a scroll of noise {unknown}
 i - a scroll of random uselessness {unknown}
 j - a scroll of enchant weapon {unknown}
 k - 4 scrolls of identify {unknown}
 q - a scroll of enchant armour {unknown}
 s - a scroll of remove curse {unknown}
 u - a scroll of fear {unknown}
Potions
 l - a potion of agility
 z - a potion of mutation
Comestibles
 f - 3 meat rations
 x - 7 chunks of flesh


   Skills:
 + Level 4.3 Fighting
 - Level 6.3 Short Blades
 - Level 4.8 Crossbows
 + Level 4.8 Dodging
 - Level 5.0 Stealth


You had 6 spell levels left.
You didn't know any spells.

Dungeon Overview and Level Annotations

Branches:
Dungeon (5/15)
 Temple: D:4-7

Altars:
Kikubaaqudgha
Okawaru
Ru
Yredelemnul

Annotations:
D:1 fire vault
D:4 Dowan


Innate Abilities, Weirdness & Mutations

You are small and have problems with some larger weapons.
You are carnivorous and can eat meat at any time.
((You have a pair of small horns on your head.))
You are clumsy. (Dex -2)
Your muscles are strong. (Str +2)


Message History

A pair of horns grows on your head!
Your +0 helmet falls away!
You feel clumsy.
You feel stronger. Dowan barely misses you.
Drink which item? (? for menu, Esc to quit)
It was a potion of lignification.
You turn into a tree.
Your +0 cloak melds into your body.
The +1 leather armour of Levity {rPois rF- Dex+9 SInv} melds into your body.
Your roots penetrate the ground.
Dowan hits you but does no damage. Dowan barely misses you.
Wield which item (- for none, * to show all)? (? for menu, Esc to quit)
w - a +0 long sword (weapon)
Dowan hits you with a dagger.
* * * LOW HITPOINT WARNING * * *
You slash Dowan!
Dowan is severely wounded.
Dowan says, "Magic will overcome all!"
Dowan gestures at you while chanting. The shard of ice hits you!
You die...

########
....>..#
#.#.#.#####
#......§..#
#.#.#.###.#
#!....#
#.#########
#....##
#.((.(e♣..#
#....([
#########.#
[.?..(.. #[#
#.......# #.#
###...### #.#
#..(# #.# ##(##
#)# ########.#
.......#.#######


You could see Dowan.

Vanquished Creatures
  The ghost of Banto the Cudgeler, an amateur HuSk (D:3)
  An ice beast (D:5)
  Duvessa (D:4)
  A giant frog zombie (D:3)
  An orc wizard (D:4)
  Ijyb (D:3)
  Terence (D:3)
  3 worker ants (D:4)
  7 gnolls (D:3)
  2 oozes
  A worm (D:3)
  2 giant geckos
  3 orcs (D:4)
  A ball python (D:4)
  5 bats
  2 giant cockroaches
  8 goblins
  13 hobgoblins
  3 jackals (D:3)
  A quokka (D:3)
  7 giant newts
  4 kobolds
  4 rats
73 creatures vanquished.

Vanquished Creatures (others)
  A hobgoblin (D:1)
  A rat (D:1)
2 creatures vanquished.

Grand Total: 75 creatures vanquished

Notes
Turn   | Place    | Note
--------------------------------------------------------------
     0 | D:1      | Psiweapon the Kobold Hunter began the quest for the Orb.
     0 | D:1      | Reached XP level 1. HP: 12/12 MP: 1/1
   230 | D:3      | Noticed Terence
   236 | D:3      | Killed Terence
   236 | D:3      | Reached XP level 2. HP: 17/17 MP: 2/2
   236 | D:3      | Reached XP level 3. HP: 21/21 MP: 3/3
   546 | D:1      | Reached skill level 5 in Stealth
   548 | D:1      | Reached XP level 4. HP: 18/26 MP: 4/4
   742 | D:1      | Reached skill level 1 in Short Blades
   975 | D:2      | Found a basalt altar of Yredelemnul.
  1013 | D:2      | Found an iron altar of Okawaru.
  1532 | D:3      | Reached XP level 5. HP: 23/30 MP: 3/5
  1690 | D:3      | Noticed Banto's ghost (amateur HuSk)
  1831 | D:3      | Noticed Ijyb
  1845 | D:3      | Killed Ijyb
  2023 | D:4      | Got a crude leather armour
  2068 | D:3      | Identified the +1 leather armour of Levity {rPois rF- Dex+9 SInv} (You found it on level 4 of the Dungeon)
  2229 | D:3      | Killed Banto's ghost
  2229 | D:3      | Reached skill level 6 in Short Blades
  2229 | D:3      | Reached XP level 6. HP: 4/35 MP: 3/6
  2650 | D:3      | Found an ancient bone altar of Kikubaaqudgha.
  3111 | D:3      | Found a sacrificial altar of Ru.
  3160 | D:4      | Reached XP level 7. HP: 40/40 MP: 7/7
  3217 | D:5      | Entered Level 5 of the Dungeon
  3385 | D:4      | Noticed Duvessa
  3533 | D:4      | Noticed Dowan
  3584 | D:4      | Killed Duvessa
  3598 | D:4      | Gained mutation: You have a pair of small horns on your head. [potion of mutation]
  3598 | D:4      | Gained mutation: You are clumsy. (Dex -2) [potion of mutation]
  3598 | D:4      | Gained mutation: Your muscles are strong. (Str +2) [potion of mutation]
  3601 | D:4      | Killed from afar by Dowan

Vault maps used:
D:1:      minmay_arrival_stone_box, st_stairs_14, lemuel_flame_loot_1
D:2:      nicolae_overflow_hidden_temple, first_bread, okawaru_gym_becter
D:3:      old_standard_altar, lemuel_round_altar, uniq_terence, uniq_iyjb
D:4:      small_statue_intersection, uniq_crazy_yiuf_cottage,
          uniq_blork_the_orc, uniq_duvessa
D:5:      fedhas_altar_3, nicolae_tso_besieged_by_evil

Action                   |  1- 3 |  4- 6 |  7- 9 || total
-------------------------+-------+-------+-------++-------
Melee: Short sword       |    46 |   147 |     1 ||   194
       Dagger            |       |    24 |    59 ||    83
       Long sword        |       |       |    30 ||    30
 Fire: Hand crossbow     |    15 |    36 |    17 ||    68
  Use: Potion            |       |     2 |     2 ||     4
 Stab: Sleeping          |     1 |    10 |     1 ||    12
       Distracted        |     1 |     1 |       ||     2
  Eat: Chunk             |     7 |     9 |     1 ||    17
